[Event "ICC tourney 2010 (45 10)"]
[Site "Internet Chess Club"]
[Date "2020.09.19"]
[Round "5"]
[White "Goran21"]
[Black "musk6868"]
[Result "0-1"]
[ICCResult "White checkmated"]
[WhiteElo "2078"]
[BlackElo "2080"]
[Opening "Sicilian: Nimzovich-Rossolimo attack (without ...d6)"]
[ECO "B30"]
[NIC "SI.31"]
[Time "21:01:37"]
[TimeControl "2700+10"]

1. e4 c5 2. Nf3 Nc6 3. Bb5 e6 4. O-O Nge7 5. Re1 a6 6. Bf1 Ng6 7. c3 d5 8.
exd5 Qxd5 9. d4 Be7 10. c4 Qd6 11. d5 Nce5 12. Nxe5 Nxe5 13. Bf4 f6 14. Nc3
exd5 15. cxd5 Bf5 16. Ne4 Bxe4 17. Qa4+ Qd7 18. Qxe4 Bd6 19. Bxe5 fxe5 20.
f4 O-O 21. fxe5 Rae8 22. Bd3 Rxe5 23. Qxh7+ Kf7 24. Bg6+ Ke7 25. Rxe5+ Bxe5
26. Re1 Kd6 27. Qh5 Qe7 28. Kh1 Qf6 29. Bd3 c4 30. Bxc4 g6 31. Qg4 b5 32.
Bb3 Qf1+ 33. Rxf1 Rxf1# {White checkmated} 0-1

[Event "ICC tourney 2010 (45 10)"]
[Site "Internet Chess Club"]
[Date "2020.09.19"]
[Round "5"]
[White "Tombstone"]
[Black "IAlwaysWin"]
[Result "1-0"]
[ICCResult "Black resigns"]
[WhiteElo "2045"]
[BlackElo "2106"]
[Opening "Catalan: open, 5.Nf3"]
[ECO "E04"]
[NIC "CA.03"]
[Time "21:01:40"]
[TimeControl "2700+10"]

1. d4 d5 2. c4 e6 3. Nf3 Nf6 4. g3 dxc4 5. Bg2 Nbd7 6. Qc2 a6 7. a4 Bb4+ 8.
Nbd2 O-O 9. O-O Qe7 10. Nxc4 Rb8 11. e4 Rd8 12. Bf4 Nf8 13. Nce5 Nh5 14. Be3
Ba5 15. g4 Nf6 16. Ng5 Ng6 17. Ngxf7 Rf8 18. Nxg6 Qxf7 19. Nxf8 Nxg4 20. h3
Nf6 21. e5 Nh5 22. Nxh7 {Black resigns} 1-0

[Event "ICC tourney 2010 (45 10)"]
[Site "Internet Chess Club"]
[Date "2020.09.19"]
[Round "5"]
[White "Solidwrench2"]
[Black "Mrpeetapizza"]
[Result "1-0"]
[ICCResult "Black resigns"]
[WhiteElo "1978"]
[BlackElo "1828"]
[Opening "Sicilian: Velimirovic attack"]
[ECO "B89"]
[NIC "SI.26"]
[Time "21:01:27"]
[TimeControl "2700+10"]

1. e4 c5 2. Nf3 d6 3. d4 cxd4 4. Nxd4 Nf6 5. Nc3 Nc6 6. Bc4 e6 7. Be3 Be7 8.
Qe2 a6 9. O-O-O Qc7 10. Bb3 O-O 11. g4 b5 12. g5 Nd7 13. Rhg1 Nc5 14. Rg3 b4
15. Nxc6 Qxc6 16. Bxc5 dxc5 17. Nd5 Bd8 18. Nf6+ gxf6 19. gxf6+ Kh8 20. Rh3
Bxf6 21. Rxh7+ Kxh7 22. Qh5+ Kg8 23. Rg1+ Bg7 24. Qg5 {Black resigns} 1-0

[Event "ICC tourney 2010 (45 10)"]
[Site "Internet Chess Club"]
[Date "2020.09.19"]
[Round "5"]
[White "KnightowlCul8r"]
[Black "WonderZ"]
[Result "0-1"]
[ICCResult "White resigns"]
[WhiteElo "1914"]
[BlackElo "2123"]
[Opening "Sicilian"]
[ECO "B56"]
[NIC "SI.25"]
[Time "21:01:23"]
[TimeControl "2700+10"]

1. e4 c5 2. Nf3 d6 3. d4 cxd4 4. Nxd4 Nf6 5. Nc3 Nc6 6. Be3 e6 7. Bb5 Bd7 8.
O-O Be7 9. f4 a6 10. Bxc6 bxc6 11. f5 c5 12. fxe6 fxe6 13. Nf3 Qc7 14. e5
dxe5 15. Ng5 O-O 16. Qd3 c4 17. Qe2 Rab8 18. Rab1 Qc6 19. Rf3 h6 20. Nh3 Bb4
21. Qe1 Ng4 22. Rg3 Nxe3 23. Rxe3 Bc5 24. Kh1 Bxe3 25. Qxe3 Rf7 26. Qxe5
Rbf8 27. Qe2 e5 28. Ne4 Bxh3 29. gxh3 Rf2 30. Qe3 Rf1+ 31. Rxf1 Rxf1+ 32.
Kg2 Rf4 {White resigns} 0-1

[Event "ICC tourney 2010 (45 10)"]
[Site "Internet Chess Club"]
[Date "2020.09.19"]
[Round "5"]
[White "Chessking2008"]
[Black "espark"]
[Result "1/2-1/2"]
[ICCResult "Game drawn because neither player has mating material"]
[WhiteElo "2187"]
[BlackElo "2300"]
[Opening "QGD: 4.Bg5 Be7"]
[ECO "D53"]
[NIC "QO.13"]
[Time "21:01:54"]
[TimeControl "2700+10"]

1. c4 e6 2. Nc3 d5 3. d4 Nf6 4. Bg5 Be7 5. cxd5 Nxd5 6. Bxe7 Qxe7 7. Nxd5
exd5 8. Nf3 O-O 9. e3 Be6 10. Be2 b6 11. O-O c5 12. dxc5 bxc5 13. Qd2 Nd7
14. a3 a5 15. Rfc1 Rfb8 16. a4 c4 17. Nd4 Qb4 18. Qxb4 Rxb4 19. b3 cxb3 20.
Rab1 Nb6 21. Nc6 Rxa4 22. Rxb3 Nc4 23. h3 Ra2 24. Bg4 a4 25. Rb7 Bxg4 26.
hxg4 a3 27. Ne7+ Kf8 28. Nxd5 Rb2 29. Rc7 a2 30. R7xc4 Rb1 31. Kh2 Rd8 32.
Rc8 Ke8 33. R1c7 Rxc8 34. Rxc8+ Kd7 35. Ra8 a1=Q 36. Rxa1 Rxa1 37. e4 Ke6
38. Kg3 Ke5 39. f3 h6 40. Ne3 g6 41. Nc4+ Kd4 42. Nd6 f6 43. Nf7 h5 44. gxh5
gxh5 45. Nh6 Ke3 46. Nf5+ Ke2 47. Kf4 Kf2 48. g4 Rh1 49. gxh5 Rxh5 50. Ne3
Rh4+ 51. Ng4+ Kg2 52. Kf5 Rh5+ 53. Kf4 Rh3 54. Nxf6 Rxf3+ 55. Kg5 Re3 56.
Kf5 Kf3 57. e5 Rxe5+ 58. Kxe5
{Game drawn because neither player has mating material}
1/2-1/2

[Event "ICC tourney 2010 (45 10)"]
[Site "Internet Chess Club"]
[Date "2020.09.19"]
[Round "5"]
[White "TjkTiger"]
[Black "Aleksandrov73"]
[Result "1-0"]
[ICCResult "Black resigns"]
[WhiteElo "2631"]
[BlackElo "2688"]
[Opening "QGD: exchange, positional line"]
[ECO "D35"]
[NIC "QO.16"]
[Time "21:02:16"]
[TimeControl "2700+10"]

1. c4 e6 2. Nc3 d5 3. d4 Nf6 4. cxd5 exd5 5. Bg5 Be7 6. e3 c6 7. Bd3 h6 8.
Bh4 O-O 9. Bg3 Nbd7 10. h3 c5 11. Nge2 a6 12. a4 b6 13. O-O Bb7 14. Rc1 Re8
15. Bb1 Rc8 16. Ba2 Nf8 17. Be5 c4 18. Bb1 Bc6 19. Ng3 b5 20. axb5 axb5 21.
Nf5 Ng6 22. Qf3 Kh8 23. Ne2 Nxe5 24. dxe5 Ng8 25. Nfd4 Rf8 26. Nf4 Ba8 27.
Nde6 Qe8 28. Nxf8 Bxf8 29. Nxd5 Qxe5 30. Qe4 Qxe4 31. Bxe4 g6 32. Nb6 Bxe4
33. Nxc8 Bg7 34. Nd6 Bd3 35. Nxb5 Bxb2 36. Rfd1 {Black resigns} 1-0

[Event "ICC tourney 2010 (45 10)"]
[Site "Internet Chess Club"]
[Date "2020.09.19"]
[Round "5"]
[White "JunlinTheWorld"]
[Black "KnightHopper"]
[Result "0-1"]
[ICCResult "White checkmated"]
[WhiteElo "1866"]
[BlackElo "2053"]
[Opening "Sicilian: dragon, Yugoslav attack, Rauser variation"]
[ECO "B76"]
[NIC "SI.17"]
[Time "21:02:03"]
[TimeControl "2700+10"]

1. e4 c5 2. Nf3 d6 3. d4 cxd4 4. Nxd4 Nf6 5. Nc3 g6 6. Be3 Bg7 7. f3 Nc6 8.
Qd2 O-O 9. O-O-O d5 10. Kb1 Nxd4 11. Bxd4 dxe4 12. fxe4 Be6 13. Be2 Qc7 14.
h4 h5 15. Bxf6 Bxf6 16. Nd5 Bxd5 17. exd5 Qb6 18. Qc1 Qf2 19. Bf3 Rfd8 20.
Rdf1 Qg3 21. Qe1 Qd6 22. Qc1 a5 23. c4 a4 24. a3 Rac8 25. g4 hxg4 26. Bxg4
Rc5 27. Qc2 b5 28. Qg2 bxc4 29. Be6 Kg7 30. h5 g5 31. h6+ Kh8 32. Bxf7 Rb8
33. Rf2 Qe5 34. Re2 Qf5+ 35. Ka2 c3 36. Be6 Qd3 37. Qf1 cxb2 38. Rf2 Qb3+
39. Kb1 Rc1+ 40. Qxc1 bxc1=Q+ 41. Kxc1 Qb1+ 42. Kd2 Qxh1 43. d6 Rb2+ 44. Ke3
Qe1+ 45. Kd3 Rxf2 46. d7 Rd2+ 47. Kc4 Qxe6+ 48. Kb4 Qxd7 49. Ka5 g4 50. Kb4
g3 51. Ka5 g2 52. Kb4 g1=Q 53. Ka5 e5 54. Kb4 e4 55. Ka5 e3 56. Kb4 e2 57.
Ka5 e1=Q 58. Kb4 Qge3 59. Ka5 Qxa3 60. Kb6 Qc3 61. Ka6 a3 62. Kb6 a2 63. Ka6
a1=Q+ 64. Kb6 Qeb1# {White checkmated} 0-1

[Event "ICC tourney 2010 (45 10)"]
[Site "Internet Chess Club"]
[Date "2020.09.19"]
[Round "5"]
[White "MrNormalName"]
[Black "saiabhi29"]
[Result "1-0"]
[ICCResult "Black resigns"]
[WhiteElo "2199"]
[BlackElo "2050"]
[Opening "QGD semi-Slav: 5.e3"]
[ECO "D45"]
[NIC "SL.08"]
[Time "21:02:16"]
[TimeControl "2700+10"]

1. d4 d5 2. c4 c6 3. Nc3 Nf6 4. e3 e6 5. Nf3 Be7 6. Bd3 O-O 7. O-O b6 8. e4
dxe4 9. Nxe4 Bb7 10. Be3 Nbd7 11. Nxf6+ Nxf6 12. c5 Nd5 13. Bd2 bxc5 14.
dxc5 h6 15. Rc1 a5 16. Re1 Bf6 17. Bb1 g6 18. Bxh6 Re8 19. Ne5 Bxe5 20. Rxe5
Qf6 21. Re1 Qxb2 22. h4 Qf6 23. Bg5 Qg7 24. h5 f6 25. Bd2 g5 26. Qg4 Bc8 27.
Bg6 Rd8 28. Rcd1 e5 29. Qa4 Qc7 30. h6 Be6 31. Bb1 Ne7 32. Qe4 Bf5 33. Qc4+
Rd5 34. Bxf5 Nxf5 35. Bxg5 fxg5 36. Rxd5 Qf7 37. Qg4 cxd5 38. Qxg5+ Kh8 39.
Rxe5 Rf8 40. Rxf5 {Black resigns} 1-0

[Event "ICC tourney 2010 (45 10)"]
[Site "Internet Chess Club"]
[Date "2020.09.19"]
[Round "5"]
[White "helavir"]
[Black "GGuseinov"]
[Result "1-0"]
[ICCResult "Black resigns"]
[WhiteElo "2660"]
[BlackElo "2696"]
[Opening "Sicilian: accelerated fianchetto, Gurgenidze variation"]
[ECO "B36"]
[NIC "SI.33"]
[Time "21:02:07"]
[TimeControl "2700+10"]

1. e4 c5 2. Nf3 g6 3. d4 cxd4 4. Nxd4 Nc6 5. c4 Nf6 6. Nc3 Nxd4 7. Qxd4 d6
8. Be2 Bg7 9. Be3 O-O 10. Qd2 a5 11. Rd1 a4 12. O-O Qa5 13. Bd4 Be6 14. f4
Rfc8 15. b3 axb3 16. axb3 Qb4 17. f5 Bd7 18. Bxf6 Bxf6 19. Nd5 Qxd2 20.
Nxf6+ exf6 21. Rxd2 Bc6 22. fxg6 hxg6 23. Rxd6 Ra2 24. Rf2 Rb2 25. Rdxf6
Rxb3 26. Rxf7 Bxe4 27. Re7 Bc6 28. Rff7 Rb1+ 29. Bf1 b5 30. Rg7+ Kf8 31.
Ref7+ Ke8 32. Ra7 Kf8 33. Rh7 Kg8 34. Rag7+ Kf8 35. Rxg6 Be4 36. Rf6+ Kg8
37. Rh4 Rxc4 38. Rg4+ Kh7 39. Rf7+ Kh6 40. Rf6+ Kh7 41. Rf7+ Kh6 42. Rf8 Kh7
43. Rg3 Bc2 44. Rf7+ Kh6 45. Kf2 Rh4 46. Rf6+ Kh7 47. Rc3 Kg7 48. Rb6 Bg6
49. Rxg6+ {Black resigns} 1-0